 Dungeon Crawl Stone Soup version 0.20-a0-1089-g3fde505 (webtiles) character file.

31 Monsterracer the Insei (level 3, 0/34 HPs)
             Began as a Naga Monk on May 3, 2017.
             Slain by a jackal (1 damage)
             ... on level 2 of the Dungeon.
             The game lasted 00:04:23 (2169 turns).

Monsterracer the Insei (Naga Monk)                  Turns: 2169, Time: 00:04:24

Health: 0/34       AC:  2    Str: 13    XL:     3   Next: 22%
Magic:  3/3        EV: 10    Int:  9    God:
Gold:   83         SH:  0    Dex: 13    Spells: 2/2 levels left

rFire    . . .     SeeInvis +     - Unarmed
rCold    . . .     Gourm    .   (no shield)
rNeg     . . .     Faith    .   h - +0 leather armour (curse)
rPois    +         Spirit   .   (no helmet)
rElec    .         Reflect  .   (no cloak)
rCorr    .         Harm     .   (no gloves)
MR       .....                  (no barding)
Stlth    ++........             (no amulet)
Regen    0.2/turn               (no ring)
MPRegen  0.1/turn               (no ring)

@: very slow
A: see invisible, deformed body, dopey 1, sense surroundings 1, poison
resistance, slowness 2, slow metabolism 1, spit poison 1, AC +1
a: Spit Poison


You were on level 2 of the Dungeon.
You were near starving.

You visited 1 branch of the dungeon, and saw 2 of its levels.

You collected 83 gold pieces.

Inventory:

Missiles
 j - 42 stones (quivered)
 o - 18 arrows
Armour
 a - a +0 robe
 h - a cursed +0 leather armour (worn)
Jewellery
 l - an uncursed ring of ice {unknown}
Scrolls
 c - 4 scrolls of identify {unknown}
 d - 2 scrolls of recharging {unknown}
 e - a scroll of magic mapping {unknown}
 g - a scroll of immolation {unknown}
 i - a scroll of remove curse {unknown}
 n - a scroll of teleportation {unknown}
Comestibles
 b - 2 bread rations
 f - 2 meat rations
 k - a royal jelly
 m - 3 fruits


   Skills:
 - Level 3.0 Fighting
 - Level 2.4 Dodging
 - Level 3.0 Stealth
 + Level 4.2 Unarmed Combat


You had 2 spell levels left.
You didn't know any spells.

Dungeon Overview and Level Annotations

Branches:
Dungeon (2/15)

Altars:
Nemelex Xobeh
Uskayaw


Innate Abilities, Weirdness & Mutations

You cannot wear boots.
Your serpentine skin is tough. (AC +1)
You have supernaturally acute eyesight. (SInv)
Armour fits poorly on your strangely shaped body.
Your system is resistant to poisons. (rPois)
You cover ground very slowly.
You have a slow metabolism.
You can spit poison.
You are dopey. (Int -2)
You passively map a small area around you.


Message History

* * * LOW HITPOINT WARNING * * *
The jackal bites you but does no damage.
The jackal bites you.
* * * LOW HITPOINT WARNING * * *
The jackal bites you but does no damage.
The jackal bites you.
* * * LOW HITPOINT WARNING * * *
The jackal bites you.
* * * LOW HITPOINT WARNING * * *
The jackal barely misses you. The jackal bites you.
* * * LOW HITPOINT WARNING * * *
The jackal barely misses you.
The jackal bites you but does no damage.
The jackal bites you.
* * * LOW HITPOINT WARNING * * *
The jackal closely misses you.
You hit the jackal.
The jackal is moderately wounded.
The jackal bites you.
You die...

, #.....# , #.###.# , #.# #.# *
#.# #.# ####### , #.# #.# #......
* #.###.# #......
#######+#####...#.# #......
###............##.#.#######...[..
..............hh@................
#.#...........h####.#######......
* #............##................
#............##.#.##########..# *
#............##.#.#............ *
#.............#.#.#.#########.. *
#.............#.#.#.##########. *
###########...#.#.#.#..........
#...#.#.#.#..........


You could see 3 jackals.

Vanquished Creatures
  An adder (D:2)
  An ooze (D:2)
  A leopard gecko (D:1)
  3 bats
  2 giant cockroaches (D:1)
  2 goblins (D:1)
  A hobgoblin (D:1)
  3 kobolds (D:1)
  A ball python (D:1)
  A rat (D:2)
16 creatures vanquished.

Notes
Turn   | Place    | Note
-------+----------+-------------------------------------------
     0 | D:1      | Monsterracer the Naga Monk began the quest for the Orb.
     0 | D:1      | Reached XP level 1. HP: 21/21 MP: 1/1
   512 | D:1      | Reached XP level 2. HP: 28/28 MP: 2/2
   878 | D:1      | Gained mutation: You are dopey. (Int -2) [potion of mutation]
   878 | D:1      | Gained mutation: You passively map a small area around you. [potion of mutation]
  1766 | D:2      | Reached skill level 4 in Unarmed Combat
  1766 | D:2      | Reached XP level 3. HP: 22/34 MP: 3/3
  1928 | D:2      | Found a sparkling altar of Nemelex Xobeh.
  2015 | D:2      | Found a hide-covered altar of Uskayaw.
  2167 | D:2      | HP: 1/34 [jackal (1)]
  2169 | D:2      | Slain by a jackal

Vault maps used:
D:1:      minmay_arrival_four_circles
D:2:      marbit_many_paths, nemelex_xobeh_ov_fountains_minmay

Skill      XL: |  1  2 |
---------------+-------+-----
Unarmed Combat | 4 |  4.2
Fighting       | |  3.0
Dodging        | |  2.4
Stealth        | |  3.0

Action                   || total
-------------------------++-------
Melee: Unarmed           ||    63
       Punch             ||     2
 Abil: Spit Poison       ||     1
  Use: Potion            ||     6
 Stab: Sleeping          ||     2
  Eat: Chunk             ||     1
Armor: Leather armour    ||    15
       Robe              ||     1
Dodge: Dodged            ||    35
